 Dungeon Crawl Stone Soup version 0.31.0 (webtiles) character file.

Game seed: 1926726273682056962

144206 Daunt the Severer (level 16, -5/223 (226) HPs)
             Began as a Minotaur Berserker on Jan 19, 2024.
             Was the Champion of Trog.
             Slain by Donald
             ... wielding a +5 heavy eveningstar
              (36 damage)
             ... on level 2 of the Spider Nest.
             The game lasted 01:16:45 (30276 turns).

Daunt the Severer (Minotaur Berserker)             Turns: 30276, Time: 01:16:45

HP:   -5/223 (226)  AC: 19    Str: 29 (30) XL:     16   Next: 84%
MP:   0/15          EV: 16    Int:  6 (8)  God:    Trog [******]
Gold: 644           SH:  5    Dex:  5 (7)  Spells: 15/15 levels left

rFire   . . .        a - +5 battleaxe (vamp)
rCold   . . .        (shield currently unavailable)
rNeg    . . .        G - +0 plate armour
rPois   +            e - +0 hat
rElec   +            L - -2 cloak of the Hot Ocelot {+Inv rPois Dex-3}
rCorr   .            n - +1 pair of gloves {hurl}
SInv    .            (no boots)
Will    ++...        W - amulet of reflection Stlth
                     h - +5 ring of evasion
HPRegen 0.57/turn    F - ring "Didgh" {rElec Will+ Int+4}
MPRegen 0.14/turn

%: reflection
@: berserking (expiring), studying Evocations, lightly drained, very quick
A: horns 2, retaliatory headbutt
a: Renounce Religion, Evoke Invisibility, Berserk, Trog's Hand, Brothers in Arms


You were on level 2 of the Spider Nest.
You worshipped Trog.
Trog was exalted by your worship.
You visited 4 branches of the dungeon, and saw 24 of its levels.
You also visited: Ice Cave.

You collected 1816 gold pieces.
You spent 1172 gold pieces at shops.

Inventory:

Hand Weapons
 a - a +5 vampiric battleaxe (weapon)
 b - a +0 scimitar of flaming
 q - a +1 antimagic battleaxe
 z - a +2 heavy executioner's axe
 B - a +2 battleaxe of freezing
 O - the +2 hand axe of Beufuvic {freeze, rF+ rC+ Will- Stlth+}
   (You found it on level 4 of the Lair of Beasts)

   rF+:       It protects you from fire.
   rC+:       It protects you from cold.
   Will-:     It decreases your willpower.
   Stlth+:    It makes you more stealthy.
Missiles
 j - 8 curare-tipped darts
 v - a throwing net
 y - 14 boomerangs
 D - 6 darts of dispersal
 E - 4 atropa-tipped darts
 H - 12 javelins
 Q - 8 datura-tipped darts
 S - 40 poisoned darts (quivered)
Armour
 e - a +0 hat (worn)
 k - +0 ice dragon scales
 n - a +1 pair of gloves of hurling (worn)
 G - a +0 plate armour (worn)
 K - a +3 ring mail of cold resistance
 L - the -2 cloak of the Hot Ocelot (worn) {+Inv rPois Dex-3}
   (You found it on level 5 of the Lair of Beasts)

   Dex-3:     It affects your dexterity (-3).
   rPois:     It protects you from poison +Inv: It lets you turn invisible.
Jewellery
 h - a +5 ring of evasion (left hand)
 F - the ring "Didgh" (right hand) {rElec Will+ Int+4}
   (You bought it in a shop on level 13 of the Dungeon)

   [ring of willpower]

   Int+4:     It affects your intelligence (+4).
   rElec:     It insulates you from electricity.
   Will+:     It increases your willpower.
 W - an amulet of reflection (around neck)
Wands
 f - a wand of iceblast (18)
 l - a wand of paralysis (4)
 r - a wand of flame (35)
 N - a wand of mindburst (24)
 X - a wand of polymorph (9)
Scrolls
 c - 4 scrolls of revelation
 g - 6 scrolls of teleportation
 A - 2 scrolls of silence
 J - 2 scrolls of blinking
 M - 5 scrolls of fog {unknown}
 T - 4 scrolls of poison
 Y - 3 scrolls of summoning
Potions
 d - 7 potions of curing
 m - 4 potions of haste
 o - a potion of heal wounds
 p - 2 potions of enlightenment
 s - a potion of berserk rage
 t - 4 potions of might
 u - a potion of attraction
 w - 4 potions of cancellation
 x - a potion of mutation
 P - 2 potions of magic
 U - 3 potions of resistance
Miscellaneous
 C - a phantom mirror
 I - a lightning rod (4/4)


   Skills:
 - Level 16.2 Fighting
 - Level 20.0 Axes
 - Level 10.0 Throwing
 + Level 16.0 Armour
 + Level 17.8 Dodging
 - Level 5.0 Shields
 - Level 6.0 Evocations


You had 15 spell levels left.
You didn't know any spells.
Your spell library was empty.

Dungeon Overview and Level Annotations

Branches:
Dungeon (15/15)            Temple (0/1) D:4            Lair (5/5) D:10
  Swamp (0/4) Lair:3       Spider (2/4) Lair:2        Slime (0/5) Lair:5
    Orc (2/2) D:11            Elf (0/3) Orc:2        Vaults (0/5) D:14
 Depths (0/4) D:15          IceCv (visited)

Altars:
Cheibriados
Dithmenos
Fedhas
Gozag
Makhleb
Qazlal
Ru
Trog
Vehumet
Xom

Shops:
D:4 !   D:5 *:   D:11 (   D:12 *   D:13 =   Orc:2 *[(!?

Portals:
Trove: D:15 (give +5 demon whip)

Annotations:
D:10 exclusion: obsidian statue
Spider:1 3 runed translucent doors, 2 transporters, OlivierBoivin's ghost, journeyman GrEE
Spider:2 Donald
Orc:2 3 runed translucent doors, exclusion: obsidian statue, BigPumpCobain's ghost, journeyman GrBe


Innate Abilities, Weirdness & Mutations

You have a pair of horns on your head.
You reflexively headbutt those who attack you in melee.


Message History

You closely miss Donald.
Donald is lightly wounded.
You slash something!
Unknown command.
Unknown command.
Unknown command.
You slice Donald!!
You feel better.
Your headbutt misses Donald.
Donald is heavily wounded.
You slice something!!
You feel better. Trog accepts your kill.
Reactivating autopickup.
You feel a bit more experienced.
Donald hits you with a +5 heavy eveningstar!!
* * * LOW HITPOINT WARNING * * *
Unknown command.
Donald blocks your attack.
Donald is heavily wounded.
Unknown command.
Unknown command.
Donald blocks your attack.
Donald is heavily wounded.
Donald hits you with a +5 heavy eveningstar!!
* * * LOW HITPOINT WARNING * * *
Unknown command.
Unknown command.
Unknown command.
Unknown command.
You are too berserk!
Unknown command.
Unknown command.
Okay, then.
Unknown command.
You slice Donald!! Your headbutt misses Donald.
Donald is almost dead.
Unknown command.
Donald blocks your attack.
You headbutt Donald, but do no damage.
Donald is almost dead.
Donald hits you with a +5 heavy eveningstar!!!
You die...
Donald says, "Well, maybe you weren't so bad after all."

#..†......###.##
##.......^†##...##
##........#..#....#
#........####.....##
<#...[...# #......#
####....## #.....##
####.# #....## .##
#....## .. ###.@@#
#.........
#......../
..........
.....###### .......
.....#... ...... ...


You could see Donald (fast, strong).

Vanquished Creatures
  Jorgrun (Orc:1)
  Gastronok (Lair:2)
  Roxanne (Spider:1)
  3 frost giants
  A ghost moth (Spider:2)
  An orc warlord (D:11)
  A white draconian (IceCv)
  3 spark wasps (Spider:1)
  Snorg (Lair:3)
  An ettin (Orc:1)
  A yaktaur captain (D:14)
  5 hydras
  5 ice dragons (IceCv)
  18 two-headed ogres
  6 boulder beetles
  A catoblepas (Lair:3)
  Erica (Lair:1)
  A radroach (Spider:2)
  2 centaur warriors
  A death knight (D:14)
  9 ironbound frosthearts (IceCv)
  4 ogre magi (Orc:2)
  3 tengu warriors (D:15)
  Urug (Lair:3)
  Nergalle (D:11)
  A fire crab (Lair:5)
  A skyshark (Lair:4)
  Amaemon (Lair:2)
  5 pharaoh ants
  2 sun moths (Spider:1)
  10 skeletal warriors
  3 orb spiders (Spider:1)
  3 goliath frogs (Lair:5)
  An orange crystal statue (IceCv)
  2 bog bodies (Lair:3)
  Pikel (D:7)
  2 deep elf pyromancers
  2 orc knights
  2 orc sorcerers
  16 ugly things
  A manticore (D:12)
  6 wolf spiders
  5 cyclopes
  14 elephants
  6 black mambas
  A meliai (Lair:2)
  Joseph (D:7)
  An ice statue (Lair:5)
  8 centaur zombies (D:13)
  2 kobold blastminers (Orc:2)
  Jeremiah (D:7)
  17 cane toads
  2 gargoyles
  An orange demon (Lair:2)
  4 torpor snails
  2 rime drakes
  A kobold demonologist (D:10)
  Maggie (D:7)
  8 komodo dragons
  An ice devil (Lair:5)
  A freezing wraith (D:14)
  A tengu conjurer (D:15)
  8 trolls
  A hornet (Lair:1)
  Grinder (D:5)
  4 tarantellas
  2 tyrant leeches (Lair:5)
  20 polar bears
  19 blink frogs
  13 dream sheep
  Sigmund (D:5)
  A centaur simulacrum (D:14)
  6 culicivoras
  20 slime creatures
  3 vampires (D:13)
  4 shadows
  8 jumping spiders
  3 wraiths
  34 yaks
  7 wyverns
  5 steam dragons
  16 redbacks
  10 vampire mosquitoes
  Grum (D:8)
  4 wargs
  4 basilisks
  Menkaure (D:7)
  Edmund (D:6)
  3 acid dragons
  12 water moccasins
  Duvessa (D:7)
  16 orc warriors
  5 black bears
  A hornet zombie (D:13)
  9 ice beasts
  A sky beast (D:7)
  30 ogres
  25 wolves
  9 centaurs
  6 kobold brigands
  13 bullfrogs
  2 scorpions (D:5)
  24 wights
  Dowan (D:7)
  11 killer bees
  4 electric eels (D:11)
  11 howler monkeys
  A bombardier beetle (D:5)
  3 jellies (D:4)
  2 gnoll boudas
  9 orc priests
  2 iguanas
  A boggart zombie (D:13)
  12 hell rats
  9 orc wizards
  7 gnolls
  7 adders
  A shadow imp (D:7)
  3 white imps
  A dart slug (D:1)
  39 orcs
  10 ball pythons
  8 bats
  10 endoplasms
  3 giant cockroaches
  6 goblins
  6 hobgoblins
  4 jackals (D:2)
  4 quokkas
  3 frilled lizards
  14 kobolds
  9 rats
  3 butterflies (Lair:3)
768 creatures vanquished.

Vanquished Creatures (collateral kills)
  A rime drake (Lair:2)
  A yak (Lair:2)
  A basilisk (Lair:2)
3 creatures vanquished.

Grand Total: 771 creatures vanquished

Notes
Turn   | Place    | Note
-------+----------+-------------------------------------------
     0 | D:1      | Daunt the Minotaur Berserker began the quest for the Orb.
     0 | D:1      | Reached XP level 1. HP: 19/19 MP: 0/0
   120 | D:1      | Reached XP level 2. HP: 27/27 MP: 1/1
   173 | D:1      | Reached skill level 4 in Axes
   269 | D:1      | Reached ** piety under Trog
   670 | D:2      | Reached XP level 3. HP: 33/33 MP: 2/2
   791 | D:2      | Reached skill level 5 in Axes
   981 | D:2      | Found a bloodstained altar of Trog.
  1409 | D:3      | Reached XP level 4. HP: 39/40 MP: 3/3
  1534 | D:3      | Found a faded altar of an unknown god.
  1681 | D:3      | Reached *** piety under Trog
  2163 | D:4      | Noticed a black bear
  2170 | D:4      | Killed a black bear
  2171 | D:4      | Reached skill level 5 in Fighting
  2171 | D:4      | Reached skill level 6 in Axes
  2171 | D:4      | Reached XP level 5. HP: 44/48 MP: 4/4
  2556 | D:4      | Reached XP level 6. HP: 57/57 MP: 5/5
  2565 | D:4      | Reached skill level 7 in Axes
  2644 | D:4      | Found a staircase to the Ecumenical Temple.
  2702 | D:4      | Found Zyjucraf's Distillery.
  2711 | D:4      | Bought a potion of heal wounds for 55 gold pieces
  2711 | D:4      | Bought a potion of might for 44 gold pieces
  2796 | D:5      | Entered Level 5 of the Dungeon
  3168 | D:5      | Found Apnatuiw's Book Boutique.
  3247 | D:5      | Noticed Grinder
  3254 | D:5      | Reached XP level 7. HP: 61/64 MP: 6/6
  3272 | D:5      | Killed Grinder
  3273 | D:5      | Reached skill level 8 in Axes
  3406 | D:5      | Found Hengeti Nodgh's General Store.
  3406 | D:5      | Noticed Sigmund
  3428 | D:5      | Reached XP level 8. HP: 73/73 MP: 7/7
  3430 | D:5      | Killed Sigmund
  3431 | D:5      | Reached skill level 9 in Axes
  3822 | D:6      | Noticed Edmund
  3828 | D:6      | Killed Edmund
  3829 | D:6      | Reached skill level 5 in Armour
  4145 | D:6      | Reached skill level 10 in Axes
  4535 | D:7      | Noticed Pikel
  4540 | D:7      | Noticed Maggie
  4545 | D:7      | Killed Pikel
  4546 | D:7      | Reached skill level 11 in Axes
  4546 | D:7      | Reached XP level 9. HP: 82/82 MP: 8/8
  4553 | D:7      | Killed Maggie
  4771 | D:7      | Noticed Joseph
  4784 | D:7      | Killed Joseph
  4785 | D:7      | Reached skill level 12 in Axes
  4962 | D:7      | Noticed Duvessa
  4962 | D:7      | Noticed Dowan
  4973 | D:7      | Killed Duvessa
  4984 | D:7      | Killed Dowan
  5128 | D:7      | Noticed Jeremiah
  5245 | D:7      | Killed Jeremiah
  5346 | D:7      | Reached XP level 10. HP: 93/93 MP: 9/9
  5352 | D:7      | Reached skill level 10 in Fighting
  5355 | D:7      | Noticed Menkaure
  5576 | D:7      | Killed Menkaure
  5577 | D:7      | Reached skill level 13 in Axes
  5832 | D:7      | Found a snail-covered altar of Cheibriados.
  6377 | D:8      | Reached **** piety under Trog
  6861 | D:8      | Noticed Grum
  6884 | D:8      | Killed Grum
  6887 | D:8      | Reached skill level 14 in Axes
  7677 | D:9      | Noticed a two-headed ogre
  7729 | D:9      | Killed a two-headed ogre
  7853 | D:9      | Reached XP level 11. HP: 102/102 MP: 10/10
  8212 | D:9      | Found a blossoming altar of Fedhas.
  8212 | D:9      | Found a burning altar of Makhleb.
  8220 | D:9      | Found a radiant altar of Vehumet.
  8222 | D:9      | Found a shadowy altar of Dithmenos.
  8224 | D:9      | Found a shimmering altar of Xom.
  8516 | D:10     | Entered Level 10 of the Dungeon
  8535 | D:10     | Reached skill level 5 in Dodging
  8611 | D:10     | Reached skill level 1 in Throwing
  8713 | D:10     | Noticed an obsidian statue
  8830 | D:10     | Reached ***** piety under Trog
  8842 | D:10     | Found a staircase to the Lair.
  8865 | D:10     | Reached skill level 15 in Axes
  8963 | D:10     | Reached skill level 10 in Armour
  8974 | D:10     | Noticed a two-headed ogre
  8989 | D:10     | Killed a two-headed ogre
 10129 | D:11     | Noticed Nergalle
 10210 | D:11     | Found a stormy altar of Qazlal.
 10537 | D:11     | Found a staircase to the Orcish Mines.
 10572 | D:11     | Found Asablasa's Weapon Shoppe.
 10670 | D:11     | Killed Nergalle
 10961 | Lair:1   | Entered Level 1 of the Lair of Beasts
 10961 | Lair:1   | Noticed Erica
 10980 | Lair:1   | Killed Erica
 11186 | Lair:1   | Reached XP level 12. HP: 109/112 MP: 11/11
 11274 | Lair:1   | Reached skill level 16 in Axes
 11837 | Lair:1   | Reached skill level 1 in Evocations
 12047 | Lair:2   | Noticed Gastronok
 12118 | Lair:2   | Noticed Amaemon
 12193 | Lair:2   | Killed Amaemon
 12193 | Lair:2   | Received a gift from Trog
 12194 | Lair:2   | Reached skill level 5 in Throwing
 12545 | Lair:2   | Killed Gastronok
 12681 | Lair:2   | Noticed a boulder beetle
 12707 | Lair:2   | Killed a boulder beetle
 13009 | Lair:2   | Noticed a boulder beetle
 13074 | Lair:2   | Killed a boulder beetle
 13423 | Lair:2   | Found a hole to the Spider Nest.
 13829 | Lair:3   | Noticed Snorg
 13831 | Lair:3   | Noticed Urug
 13899 | Lair:3   | Killed Urug
 13900 | Lair:3   | Reached XP level 13. HP: 71/122 MP: 12/12
 14057 | Lair:3   | Reached skill level 1 in Shields
 14075 | Lair:3   | Killed Snorg
 14107 | Lair:3   | Found a staircase to the Swamp.
 14868 | Lair:3   | Found a snail-covered altar of Cheibriados.
 15694 | Lair:4   | Identified the +2 hand axe of Beufuvic {freeze, rF+ rC+
                  | Will- Stlth+}
 16396 | Lair:5   | Entered Level 5 of the Lair of Beasts
 17442 | Lair:5   | Reached skill level 5 in Shields
 17518 | Lair:5   | Reached skill level 5 in Evocations
 17562 | Lair:5   | Reached XP level 14. HP: 129/132 MP: 13/13
 17594 | Lair:5   | Received a gift from Trog
 18054 | Lair:5   | Reached skill level 10 in Dodging
 19245 | Lair:5   | Found a staircase to the Slime Pits.
 19718 | Lair:5   | Identified the -2 cloak of the Hot Ocelot {+Inv rPois
                  | Dex-3}
 20905 | D:12     | Identified a scroll of acquirement
 20976 | D:12     | Found Riobbub's Demolitions Depot.
 20987 | D:12     | Bought a scroll of immolation for 56 gold pieces
 21165 | D:12     | Reached skill level 15 in Fighting
 21174 | D:12     | Received a gift from Trog
 22873 | D:13     | Reached XP level 15. HP: 141/141 MP: 14/14
 22962 | D:13     | Found Vynoxzy's Jewellery Shoppe.
 23198 | D:13     | Bought the ring "Didgh" {rElec Will+ Int+4} for 711 gold
                  | pieces
 23805 | D:14     | Reached skill level 10 in Throwing
 24224 | D:14     | Reached skill level 15 in Armour
 24386 | D:14     | Found a sacrificial altar of Ru.
 24444 | D:14     | Found a gate to the Vaults.
 24924 | D:15     | Entered Level 15 of the Dungeon
 24984 | D:15     | Acquired a manual of Dodging
 25581 | D:15     | Found a portal to a secret trove of treasure.
 25719 | D:15     | Found a shimmering altar of Xom.
 26023 | D:15     | Found a staircase to the Depths.
 26023 | D:15     | Noticed a frost giant
 26030 | D:15     | Killed a frost giant
 26247 | Orc:1    | Entered Level 1 of the Orcish Mines
 26260 | Orc:1    | Reached skill level 17 in Axes
 26571 | Orc:1    | Noticed Jorgrun
 26601 | Orc:1    | Killed Jorgrun
 27250 | Orc:2    | Entered Level 2 of the Orcish Mines
 27388 | Orc:2    | Found a staircase to the Elven Halls.
 27520 | Orc:2    | Received a gift from Trog
 27525 | Orc:2    | Reached skill level 18 in Axes
 27531 | Orc:2    | Reached ****** piety under Trog
 27554 | Orc:2    | Found Ecvime Xilo's Antique Weapon Shop.
 27554 | Orc:2    | Found Bolerr's Magic Scroll Shoppe.
 27560 | Orc:2    | Found Zoplosas's Armour Emporium.
 27560 | Orc:2    | Found Uzxyikin's Distillery.
 27578 | Orc:2    | Bought a scroll of identify for 28 gold pieces
 27579 | Orc:2    | Bought 3 scrolls of identify for 84 gold pieces
 27583 | Orc:2    | Bought 2 scrolls of identify for 56 gold pieces
 27676 | Orc:2    | Found a runed translucent gate.
 27822 | Orc:2    | Found a runed translucent gate.
 27822 | Orc:2    | Found a runed translucent gate.
 27824 | Orc:2    | Found an opulent altar of Gozag.
 27852 | Orc:2    | Noticed BigPumpCobain's ghost (journeyman GrBe)
 27913 | Orc:2    | Found Bodwig's Assorted Antiques.
 27942 | Orc:2    | Bought a +0 pair of gloves of hurling for 138 gold pieces
 28062 | Spider:1 | Entered Level 1 of the Spider Nest
 28076 | Spider:1 | Reached XP level 16. HP: 151/151 MP: 15/15
 28179 | Spider:1 | Reached skill level 19 in Axes
 28186 | Spider:1 | HP: 4/151 [white ugly thing (26)]
 28466 | Spider:1 | Found a glacial archway.
 28486 | IceCv    | Entered an ice cave
 28625 | IceCv    | Reached skill level 15 in Dodging
 28848 | IceCv    | Reached skill level 20 in Axes
 29161 | IceCv    | Received a gift from Trog
 29527 | Spider:1 | Acquired a manual of Evocations
 29775 | Spider:1 | Found a runed translucent gate.
 29775 | Spider:1 | Found a runed translucent gate.
 29776 | Spider:1 | Found a runed translucent gate.
 29780 | Spider:1 | Noticed OlivierBoivin's ghost (journeyman GrEE)
 29868 | Spider:1 | Noticed Roxanne
 29934 | Spider:1 | Killed Roxanne
 30056 | Spider:1 | Found a transporter.
 30057 | Spider:1 | Found a transporter.
 30256 | Spider:2 | Noticed Donald
 30276 | Spider:2 | Slain by Donald

Illustrated notes

Levels and vault maps discovered:
D:1:      lightli_arrival_statuegarden, layout_basic
D:2:      layout_basic, basic_altar, nrook_uturn
D:3:      minmay_diamond_boxcup, layout_loops_ring, basic_ecumenical_altar,
          serial_bayou, serial_bayou_lake_a, serial_bayou_ford_a,
          serial_bayou_pond_d, serial_bayou_pond_e
D:4:      layout_cave_pools, temple_green, serial_shops,
          nicolae_shop_industrial_runoff
D:5:      layout_basic, serial_shops, shop, kennysheep_windowed_goal,
          uniq_sigmund, uniq_grinder
D:6:      layout_basic, corner_web_ring, uniq_edmund
D:7:      layout_basic, overflow_temple_1_default, uniq_jeremiah, uniq_menkaure,
          uniq_maggie, uniq_joseph, uniq_duvessa, uniq_pikel
D:8:      layout_basic, uniq_grum
D:9:      layout_long_grid, chequers_temple_overflow_minitemple,
          nicolae_lava_and_water
D:10:     layout_basic, minmay_lair_entry_grove, minmay_statue_bubble
D:11:     layout_basic, orc_david_3, moated_statue,
          nicolae_qazlal_scattered_showers, uniq_nergalle
D:12:     layout_loops_cross, grunt_ministairs_6, nicolae_blasting_shop,
          nicolae_wwwww
D:13:     layout_layer_cave, serial_undead, serial_undead_c, serial_undead_f,
          serial_undead_b, serial_undead_b, serial_undead_a, serial_undead_b,
          serial_undead_e, serial_undead_d, serial_undead_e, serial_undead_b,
          serial_shops, kennysheep_mini
D:14:     layout_long_grid, hellmonk_vaults_attempted_burglary,
          nicolae_concentric_dashed_squares_mild, nicolae_ru_awakened_eye
D:15:     grunt_enter_depths_snipers, layout_basic, xom_teletrap_fun,
          nicolae_trove_entry_diagonal
Lair:1:   layout_roguey, uniq_erica
Lair:2:   layout_roguey, hellmonk_spider_entry_not_the_bees, fungi_pond_lemuel,
          beast_lair_carwin_8, uniq_amaemon, uniq_gastronok
Lair:3:   layout_chaotic_city, skrybe_swamp_entry_bodies,
          kennysheep_snail_temple, lemuel_fruit_fields, uniq_snorg, uniq_urug
Lair:4:   layout_long_grid
Lair:5:   minmay_lair_end_frog_pond, layout_gridlike, slime_entry_1, ice2_lemuel
Spider:1: gammafunk_boulding_lane, portal_ice_cave_entry_ugly_swarm,
          gammafunk_ghost_necromancy, uniq_roxanne
Spider:2: layout_chambers, uniq_donald, uniq_azrael
Orc:1:    layout_caves, basic_altar, uniq_jorgrun
Orc:2:    st_orc_ogre_mass, layout_caves, ebering_ghost_gozag

Skill      XL: |  1  2  3  4  5  6  7  8  9 10 11 12 13 14 15 16 |
---------------+-------------------------------------------------+-----
Axes           | 4 5 6 7 8 11 12 14 15 16 18 20 | 20.0
Fighting       | 4 5 6 7 8 9 11 12 13 14 15 16 | 16.2
Armour         | 3 4 6 8 9 10 11 12 14 15 16 | 16.0
Dodging        | 4 6 8 9 10 13 17 | 17.8
Throwing       | 3 6 7 9 10 | 10.0
Evocations     | 3 5 6 |  6.0
Shields        | 5 |  5.0

Action                     |  1- 3 |  4- 6 |  7- 9 | 10-12 | 13-15 | 16-18 || total
---------------------------+-------+-------+-------+-------+-------+-------++-------
  Melee: Whip              |    86 |    66 |       |       |       |       ||   152
         Headbutt          |    13 |     9 |    24 |   134 |   306 |   113 ||   599
         Hand axe          |     1 |     4 |   136 |    75 |       |       ||   216
         Punch             |     1 |       |       |     8 |       |       ||     9
         War axe           |       |       |       |   545 |   557 |       ||  1102
         Battleaxe         |       |       |       |    16 |   286 |   388 ||   690
         Broad axe         |       |       |       |       |   335 |       ||   335
         Scimitar          |       |       |       |       |    45 |       ||    45
  Throw: Dart              |       |       |       |    25 |    21 |     2 ||    48
         Boomerang         |       |       |       |       |     2 |       ||     2
 Invoke: Berserk           |       |     3 |     6 |    12 |     6 |     3 ||    30
         Trog's Hand       |       |     1 |     3 |     3 |     1 |     1 ||     9
         Brothers in Arms  |       |       |       |     1 |       |       ||     1
  Evoke: Wand              |       |     4 |     3 |     1 |       |       ||     8
    Use: Scroll            |       |     4 |     1 |     5 |    21 |     3 ||    34
         Potion            |       |       |       |     2 |     2 |     3 ||     7
   Stab: Sleeping          |     1 |       |       |       |       |       ||     1
 Armour: Animal skin       |    46 |    29 |       |       |       |       ||    75
         Leather armour    |       |     1 |     3 |       |       |       ||     4
         Ring mail         |       |       |    50 |   433 |   103 |    33 ||   619
         Chain mail        |       |       |    42 |       |       |       ||    42
         Plate armour      |       |       |       |       |   734 |    99 ||   833
         Ice dragon scales |       |       |       |       |       |   137 ||   137
  Dodge: Dodged            |    52 |    36 |    49 |   314 |   523 |   248 ||  1222
  Block: Buckler           |       |       |       |     6 |   387 |       ||   393
         Reflection        |       |       |       |     1 |     8 |       ||     9
         Other             |       |       |       |     1 |    62 |    78 ||   141
